 Dungeon Crawl Stone Soup version 0.30-a0-1053-gbd8d5ba0ad (webtiles) character file.

Game seed: 645266426448500441

55 Lobster4 the Conjurer (level 3, -2/20 HPs)
             Began as a Deep Elf Conjurer on Apr 11, 2023.
             Killed by divine providence
             ... invoked by an orc priest
              (15 damage)
             ... on level 3 of the Dungeon.
             The game lasted 00:03:14 (2499 turns).

Lobster4 the Conjurer (Deep Elf Conjurer)           Turns: 2499, Time: 00:03:15

Health: -2/20      AC:  2    Str:  6    XL:     3   Next: 67%
Magic:  5/9        EV: 12    Int: 22    God:
Gold:   112        SH:  0    Dex: 13    Spells: 5/8 levels left

rFire   . . .      SeeInvis .    b - +0 sling
rCold   . . .      Faith    .    (no shield)
rNeg    . . .      Spirit   .    f - +0 robe
rPois   .          Reflect  .    (no helmet)
rElec   .          Rampage  .    (no cloak)
rCorr   .                        (no gloves)
Will    .....                    (no boots)
Stlth   ++                       (no amulet)
HPRegen 0.23/turn                (no ring)
MPRegen 0.11/turn                (no ring)

@: no status effects
A: no striking features
a: no special abilities


You were on level 3 of the Dungeon.
You visited 1 branch of the dungeon, and saw 3 of its levels.

You collected 112 gold pieces.

Inventory:

Hand Weapons
 a - a +0 dagger
 b - a +0 sling (weapon)
 o - a +0 rapier
Missiles
 p - 5 boomerangs
Armour
 f - a +0 robe (worn)
 m - a +0 leather armour
Scrolls
 d - a scroll of magic mapping {unknown}
 g - a scroll of fear {unknown}
 i - a scroll of torment {unknown}
 j - 2 scrolls of identify {unknown}
 q - a scroll of amnesia {unknown}
 r - 2 scrolls of teleportation {unknown}
 s - a scroll of acquirement {unknown}
Potions
 c - 2 potions of heal wounds {unknown}
 e - a potion of magic
 h - 2 potions of flight {unknown}
 k - a potion of ambrosia {unknown}
 l - a potion of berserk rage {unknown}
 n - a potion of might {unknown}
 t - a potion of curing {unknown}


   Skills:
 + Level 0.7 Fighting
 + Level 0.5 Short Blades
 + Level 1.0 Ranged Weapons
 + Level 0.7 Armour
 + Level 2.9 Dodging
 + Level 3.0 Stealth
 + Level 3.4 Spellcasting
 + Level 4.7 Conjurations


You had 5 spell levels left.
You knew the following spells:

 Your Spells              Type           Power      Damage    Failure   Level
a - Magic Dart            Conj           96%        1d7       1%          1
b - Searing Ray           Conj           48%        2d6       2%          2

Your spell library contained the following spells:

 Spells                   Type           Power      Damage    Failure   Level
 Dazzling Flash           Conj/Hex       28%        N/A       14%         3
 Call Canine Familiar     Summ           3%         N/A       34%         3
 Portal Projectile        Hex/Tloc       6%         N/A       34%         3
 Fulminant Prism          Conj/Hex       7%         3d6       41%         4
 Iskenderun's Mystic Bla  Conj/Tloc      14%        2d5       41%         4
 Leda's Liquefaction      Hex/Erth       1%         N/A       75%         4
 Passage of Golubria      Tloc           3%         N/A       75%         4
 Silence                  Hex/Air        1%         N/A       97%         5
 Lehudib's Crystal Spear  Conj/Erth      7%         10d3      100%        8


Dungeon Overview and Level Annotations

Branches:
Dungeon (3/15)

Altars:
Xom

Annotations:
D:2 1 runed translucent door, Crazy Yiuf


Message History

The orc is lightly wounded.
The orc shouts!
You hear a shout!
Casting: Magic Dart (safe; 1% risk of failure)
Confirm with . or Enter, or press ? or * to list all spells.
Aiming: Magic Dart (safe; 1% risk of failure)
Press: ? - help, Shift-Dir - straight line, f/p - orc
Aim: an orc, wielding a +0 flail and wearing a +0 ring mail (lightly wounded, 100% to hit)
The magic dart hits the orc but does no damage.
The orc is lightly wounded.
An orc priest comes into view. It is wielding a +0 short sword.
Casting: Magic Dart (safe; 1% risk of failure)
Confirm with . or Enter, or press ? or * to list all spells.
Aiming: Magic Dart (safe; 1% risk of failure)
Press: ? - help, Shift-Dir - straight line, f/p - orc
Aim: an orc, wielding a +0 flail and wearing a +0 ring mail (lightly wounded, 100% to hit)
The magic dart hits the orc but does no damage.
The orc is lightly wounded.
An orc wizard comes into view.
It is wielding a +0 dagger and wearing a +2 robe of willpower.
The orc priest calls upon Beogh to heal the orc.
The orc's wounds heal themselves!
The orc priest calls down the wrath of Beogh upon you.
Beogh smites you! The orc attacks as you move away! The orc closely misses you.
The orc attacks as you move away! The orc barely misses you.
The orc wizard gestures wildly while chanting.
The orc wizard flickers and vanishes!
Deactivating autopickup; reactivate with Ctrl-A.
The orc attacks as you move away! The orc hits you with a +0 flail.
Casting: Magic Dart (safe; 1% risk of failure)
Confirm with . or Enter, or press ? or * to list all spells.
Aiming: Searing Ray (safe; 2% risk of failure)
Press: ? - help, Shift-Dir - straight line, f/p - orc
Aim: an orc, wielding a +0 flail and wearing a +0 ring mail (82% to hit)
The searing ray hits the orc.
The orc is severely wounded. (Press . to maintain the ray.)
The orc priest invokes the aid of Beogh against you.
Beogh smites you!
Ouch! That really hurt!
You die...

#.# . #.#.# ######.#.##
..........+ .#####.# #####
.oo....# #...# .......# #...#
..####.###############...#######
# #...o.....o@..........[...#
#############....########^#
#.....# [# #.....## .#
#......#######.#
####.#'#.......# #......####.#
#......### .# #..........


You could see an orc priest and an orc.

Vanquished Creatures
  A hound (D:3)
  An adder (D:3)
  An endoplasm (D:2)
  2 goblins (D:1)
  4 hobgoblins
  A ball python (D:3)
  A frilled lizard (D:2)
  3 kobolds (D:3)
  4 rats
18 creatures vanquished.

Notes
Turn   | Place    | Note
-------+----------+-------------------------------------------
     0 | D:1      | Lobster4 the Deep Elf Conjurer began the quest for the Orb.
     0 | D:1      | Reached XP level 1. HP: 10/10 MP: 6/6
  1234 | D:2      | Reached XP level 2. HP: 15/15 MP: 8/8
  1237 | D:2      | Learned a level 2 spell: Searing Ray
  1515 | D:2      | Found a shimmering altar of Xom.
  1776 | D:2      | Found a runed translucent door.
  1777 | D:2      | Noticed Crazy Yiuf
  2230 | D:3      | Reached XP level 3. HP: 15/20 MP: 3/9
  2308 | D:3      | Reached skill level 1 in Ranged Weapons
  2499 | D:3      | Killed from afar by an orc priest

Illustrated notes

Levels and vault maps discovered:
D:1:      saegor_arrival_simple_c, layout_basic
D:2:      layout_loops_ring, basic_altar, uniq_crazy_yiuf_cottage
D:3:      layout_basic, slow_altar_1, kennysheep_pointless_box,
          chequers_serial_rivers_marsh

Skill      XL: |  1  2  3 |
---------------+----------+-----
Ranged Weapons | 1 |  1.0
Stealth        | 3 |  3.0
Fighting       | |  0.7
Short Blades   | |  0.5
Armour         | |  0.7
Dodging        | |  2.9
Spellcasting   | |  3.4
Conjurations   | |  4.7

Action                     || total
---------------------------++-------
   Fire: Sling             ||     9
   Cast: Magic Dart        ||    35
         Searing Ray       ||     2
  Dodge: Dodged            ||     3

Table legend: (Time is in decaauts)
 A = Elapsed time spent in this place.
 B = Non-inter-level travel time spent in this place.
 C = Inter-level travel time spent in this place.
 D = Time resting spent in this place.
 E = Time spent auto-exploring this place.
 F = Levels seen in this place.
 G = Mean time per level.
                   A        B        C        D        E       F      G
               +--------+--------+--------+--------+--------+-----+--------+
         Total |   2504 |   2242 |    262 |     67 |   2028 |   3 |  834.7 |
       Dungeon |   2504 |   2242 |    262 |     67 |   2028 |   3 |  834.7 |
               +--------+--------+--------+--------+--------+-----+--------+

Top non-repeatable levels by time:
     D:1: 1231 daAuts
     D:2: 889 daAuts
     D:3: 383 daAuts
